Map: Submarine LE

Players

Kelazhur - Winner!

  • Race: Terran Terran
  • Spawn Location: 5:00

Erik

  • Race: Zerg Zerg
  • Spawn Location: 11:00

Event: DreamHack SC2 Masters 2020 Winter

VOD

Have the link to the VOD?

Description

Time

  • Played on: Oct. 23, 2020, 3:26 p.m.
  • Length: 8:14

All games in this series

Show
View Real Time Build Order
Export as new Build Order

Kelazhur Terran - Winner!

Build Orders: Liberator Opening, Reaper Expand 

Get SALT Encoding   

  12  0:00  SCV  
  13  0:12  SCV  
  14  0:16  Supply Depot  
  14  0:24  SCV  
  15  0:38  SCV  
  15  0:39  Barracks  
  16  0:42  Refinery  
  16  0:50  SCV  
  17  1:02  SCV  
  18  1:14  SCV  
  19  1:26  Reaper, Orbital Command  
  20  1:38  Command Center  
  20  1:45  Supply Depot  
  20  1:52  SCV  
  21  1:58  Marine  
  22  2:02  Factory  
  22  2:05  SCV  
  23  2:16  Refinery  
  23  2:17  SCV  
  23  2:20  Barracks Reactor  
  24  2:29  SCV  
  25  2:44  SCV  
  26  2:52  Starport  
  26  2:54  Orbital Command  
  27  2:58  SCV  
  27  3:01  Hellion x2  
  31  3:10  SCV  
  31  3:11  Barracks Tech Lab  
  32  3:20  SCV  
  32  3:22  SCV, Hellion x2  
  38  3:31  Supply Depot  
  38  3:32  SCV  
  39  3:34  SCV  
  39  3:37  Liberator  
  43  3:44  SCV  
  44  3:49  SCV  
  44  3:54  Supply Depot, Hellion x2  
  49  3:56  SCV  
  49  4:01  SCV  
  51  4:09  SCV  
  52  4:17  SCV, Supply Depot  
  53  4:18  Command Center  
  53  4:19  Barracks Tech Lab  
  53  4:21  SCV  
  54  4:32  SCV, Barracks  
  54  4:33  SCV  
  54  4:34  Barracks  
  54  4:38  Stimpack, Marine  
  56  4:42  Starport Reactor  
  56  4:44  SCV  
  56  4:45  SCV, Engineering Bay x2  
  58  4:49  Siege Tank  
  62  4:56  SCV  
  62  4:57  Marine  
  62  4:58  SCV  
  65  5:03  Refinery x2  
  65  5:05  Supply Depot  
  65  5:08  SCV  
  65  5:10  SCV  
  65  5:13  Terran Infantry Weapons Level 1, Terran Infantry Armor Level 1  
  67  5:21  SCV, Marine x2  
  68  5:24  Starport Reactor  
  68  5:26  SCV, Supply Depot  
  71  5:30  Marine x3  
  71  5:32  Siege Tank  
  71  5:33  SCV  
  78  5:39  Orbital Command, Marine  
  78  5:40  SCV  
  80  5:44  Marine  
  80  5:49  Marine x2  
  81  5:50  Marine  
  81  5:52  Barracks  
  81  5:53  SCV, Barracks  
  81  5:57  SCV  
  86  5:58  Marine  
  86  6:02  Marine  
  88  6:05  SCV  
  88  6:07  Marine  
  88  6:08  Marine  
  88  6:09  Orbital Command, Marine  
  92  6:16  SCV  
  92  6:17  Medivac x2  
  97  6:19  Armory, Supply Depot  
  97  6:21  Combat Shield  
  97  6:22  SCV  
  97  6:23  Marine x2  
  97  6:25  Marine  
  101  6:28  Factory Reactor  
  101  6:40  Marine x2  
  101  6:41  SCV x2, Marine  
  101  6:42  Supply Depot  
  101  6:44  Supply Depot  
  106  6:50  Marine  
  106  6:51  Marine  
  106  6:52  Barracks Reactor  
  106  6:53  Barracks Reactor  
  108  6:57  SCV, Supply Depot  
  109  7:03  SCV x2, Medivac, Marine x3  
  116  7:08  Supply Depot  
  116  7:09  SCV  
  117  7:19  Medivac, Marine  
  117  7:21  Marine  
  121  7:25  Marine  
  121  7:26  SCV x2  
  121  7:27  Marine  
  121  7:29  Marine  
  121  7:30  Marine x2  
  121  7:31  SCV  
  121  7:33  Medivac, Widow Mine  
  126  7:40  Marine  
  126  7:42  Marine  
  126  7:43  Marine  
  126  7:44  Marine x2  
  123  7:47  Widow Mine  
  125  7:53  Marine x3  
  125  7:54  Marine  
  132  8:02  Command Center  
Show
View Real Time Build Order
Export as new Build Order

Erik Zerg 

Build Orders: Hatch First, Muta Ling Bane 

Get SALT Encoding   

  12  0:00  Drone  
  13  0:08  Drone  
  14  0:14  Extractor  
  14  0:15  Drone  
  15  0:36  Hatchery  
  15  0:41  Drone, Extractor  
  15  0:48  Overlord  
  15  1:03  Spawning Pool  
  14  1:06  Drone  
  14  1:09  Drone  
  16  1:13  Drone  
  16  1:18  Drone  
  18  1:27  Extractor  
  18  1:28  Drone  
  18  1:39  Drone  
  19  1:50  Queen x2  
  19  1:51  Zergling x2  
  25  1:54  Drone  
  25  2:00  Drone  
  25  2:01  Overlord  
  26  2:10  Drone  
  26  2:11  Drone  
  28  2:21  Drone  
  29  2:25  Spore Crawler, Drone  
  29  2:28  Extractor  
  28  2:35  Drone x2  
  32  2:44  Metabolic Boost  
  32  2:45  Drone x2  
  32  2:49  Hatchery  
  32  2:54  Overlord  
  32  3:03  Drone x4  
  36  3:11  Overlord  
  36  3:12  Queen  
  38  3:20  Zergling x6  
  38  3:26  Drone  
  42  3:30  Drone  
  42  3:31  Lair  
  42  3:34  Extractor x2  
  42  3:36  Drone  
  42  3:40  Drone x3  
  45  3:45  Drone  
  45  3:47  Overlord  
  46  3:50  Queen  
  46  3:55  Overlord  
  48  3:57  Drone  
  49  4:04  Zergling x2  
  49  4:08  Spore Crawler, Extractor  
  49  4:09  Zergling x2  
  50  4:10  Zergling x2  
  50  4:13  Queen, Drone  
  50  4:16  Drone  
  50  4:17  Drone  
  55  4:21  Spore Crawler  
  55  4:22  Drone, Baneling Nest  
  54  4:26  Drone x2  
  56  4:32  Queen  
  58  4:39  Drone x3  
  61  4:46  Spore Crawler  
  61  4:47  Drone x3  
  63  4:54  Zergling x4  
  66  5:00  Drone  
  66  5:01  Overlord x2  
  61  5:17  Centrifical Hooks  
  61  5:18  Spire  
  61  5:21  Drone x2  
  62  5:24  Drone x2  
  62  5:26  Drone  
  62  5:28  Drone  
  66  5:33  Drone x3  
  69  5:39  Drone x3  
  72  5:43  Drone x2  
  74  5:53  Overlord  
  74  5:56  Drone x6  
  74  5:57  Drone  
  81  6:00  Extractor  
  81  6:02  Extractor  
  81  6:03  Zergling x2  
  81  6:04  Zergling x4  
  82  6:05  Baneling  
  82  6:06  Baneling x4  
  82  6:12  Overlord x2  
  82  6:24  Overlord  
  82  6:32  Mutalisk x5  
  82  6:33  Mutalisk x3  
  82  6:37  Zergling x6  
  100  6:46  Drone x7  
  107  6:52  Evolution Chamber  
  106  6:54  Mutalisk  
  106  6:55  Mutalisk, Evolution Chamber  
  106  6:59  Baneling  
  106  7:00  Baneling x6  
  109  7:02  Zergling x2  
  109  7:03  Zergling x2  
  111  7:11  Zergling x2  
  111  7:12  Zergling x4  
  114  7:17  Zergling x2  
  114  7:18  Zergling x2  
  114  7:21  Overlord  
  114  7:22  Overlord  
  82  7:45  Zergling x12  
  82  7:49  Mutalisk  
Tags
 
Add a new tag
Caveats
  • Supply blocks, unpowered buildings, or Contaminate may cause inaccurate times.
  • Supply counts are checked every 10 seconds.